 Dungeon Crawl Stone Soup version 0.28-a0-224-g76b539d98b (webtiles) character file.

Game seed: 5006127139618826553

981 theanonym the Slasher (level 7, -3/61 HPs)
             Began as a Demigod Gladiator on Aug 22, 2021.
             Killed by divine providence
             ... invoked by an orc priest
              (16 damage)
             ... on level 5 of the Dungeon.
             The game lasted 00:04:57 (4479 turns).

theanonym the Slasher (Demigod Gladiator)           Turns: 4479, Time: 00:04:58

Health: -3/61      AC:  9    Str: 23    XL:     7   Next: 64%
Magic:  9/9        EV: 11    Int: 16    God:
Gold:   235        SH:  0    Dex: 15    Spells: 6/6 levels left

rFire   . . .      SeeInvis .   a - +0 long sword
rCold   . . .      Faith    .   (no shield)
rNeg    . . .      Spirit   .   o - +1 scale mail {rPois}
rPois   +          Reflect  .   c - +0 helmet
rElec   .          Harm     .   m - +0 cloak
rCorr   .          Rampage  .   (no gloves)
Will    .....                   (no boots)
Stlth   ..........              (no amulet)
HPRegen 0.20/turn               n - +6 ring of intelligence
MPRegen 0.11/turn               (no ring)

@: silenced (expiring)
A: high mp 1, forlorn
a: no special abilities


Innate Abilities, Weirdness & Mutations

Your attributes grow dramatically as you level up.
You have an increased reservoir of magic. (+10% MP)
You shall have no god before yourself.


   Skills:
 + Level 5.1 Fighting
 * Level 7.4 Long Blades
 - Level 1.7 Throwing
 - Level 2.6 Dodging


You had 6 spell levels left.
You didn't know any spells.
Your spell library contained the following spells:

 Spells                   Type           Power      Damage    Failure   Level
 Foxfire                  Conj/Fire      0%         2x1d4     56%         1
 Magic Dart               Conj           0%         1d3       56%         1
 Call Imp                 Summ           0%         N/A       71%         2
 Conjure Flame            Conj/Fire      0%         6-21      90%         3
 Inner Flame              Hex/Fire       0%         N/A       90%         3
 Mephitic Cloud           Conj/Pois/Air  0%         N/A       90%         3

Skill      XL: |  1  2  3  4  5  6  7 |
---------------+----------------------+-----
Fighting       | 2 3 4 5 |  5.1
Long Blades    | 3 4 5 6 7 |  7.4
Throwing       | |  1.7
Dodging        | |  2.6

Action                   |  1- 3 |  4- 6 |  7- 9 || total
-------------------------+-------+-------+-------++-------
Melee: Long sword        |    77 |   159 |    47 ||   283
Throw: Throwing net      |     1 |       |     1 ||     2
  Use: Potion            |     3 |     1 |       ||     4
       Scroll            |       |       |     6 ||     6
 Stab: Sleeping          |     1 |       |       ||     1
       Held in net/web   |     1 |       |       ||     1
       Invisible         |       |     2 |     1 ||     3
Armor: Leather armour    |     5 |       |       ||     5
       Ring mail         |     8 |       |       ||     8
       Scale mail        |    14 |    83 |    41 ||   138
Dodge: Dodged            |    56 |   104 |    40 ||   200
       Rpst.: Long sword |    14 |    35 |    14 ||    63

Inventory:

Hand Weapons
 a - a +0 long sword (weapon)
Missiles
 d - 2 throwing nets (quivered)
Armour
 c - a +0 helmet (worn)
 m - a +0 cloak (worn)
 o - a +1 scale mail of poison resistance (worn)
Jewellery
 n - a +6 ring of intelligence (left hand)
Scrolls
 b - a scroll of torment
 f - a scroll of enchant armour
 g - 2 scrolls of noise
 l - a scroll of enchant weapon {unknown}
 B - a scroll of blinking
Potions
 w - a potion of curing


You were on level 5 of the Dungeon.
You visited 1 branch of the dungeon, and saw 5 of its levels.

You collected 235 gold pieces.

Dungeon Overview and Level Annotations

Branches:
Dungeon (5/15)
 Temple: D:4-7

Shops:
D:4 = D:5

( *,**,,..............#,.O,,,,*
*,******#........#..#...,,,,*
*,,,,,,,+.....)........,,,***
********#..{..)..#..####*,******#
####+#o.........,,,,,,,,.
#.#.###.#.###*,******#
#.....#.#,* *,,,,,,,, #...#h#,#,*
*,,,,,,,, #...#@#,*,* *,,,,,,,^
#...#(#.#,*###+#######
##.##.#.#,*#..........
#.##.#.#.##.......###
#.##.#(#..........##
#.##.#.####...)♣...# #.##.#.#
#....♣P..# #.##.#.# ###+....##
#.##.#.######.#...#


You could see a hound and an orc priest.

Notes
Turn   | Place    | Note
-------+----------+-------------------------------------------
     0 | D:1      | theanonym the Demigod Gladiator began the quest for the
                  | Orb.
     0 | D:1      | Reached XP level 1. HP: 17/17 MP: 3/3
    95 | D:1      | HP: 7/17 [gnoll (6)]
   103 | D:1      | Reached skill level 2 in Fighting
   103 | D:1      | Reached skill level 3 in Long Blades
   103 | D:1      | Reached XP level 2. HP: 13/24 MP: 4/4
   606 | D:2      | HP: 11/24 [orc (2)]
   608 | D:1      | HP: 4/24 [orc (7)]
   961 | D:2      | Reached XP level 3. HP: 23/30 MP: 5/5
  1100 | D:2      | Reached skill level 4 in Long Blades
  1446 | D:2      | Reached XP level 4. HP: 27/37 MP: 6/6
  2026 | D:3      | Reached skill level 3 in Fighting
  2417 | D:4      | Reached XP level 5. HP: 45/45 MP: 7/7
  2568 | D:4      | Reached skill level 5 in Long Blades
  3129 | D:4      | Noticed an ogre
  3133 | D:4      | Killed an ogre
  3134 | D:4      | Reached XP level 6. HP: 40/52 MP: 8/8
  3227 | D:4      | Found Seheobic's Jewellery Boutique.
  3578 | D:4      | Reached skill level 4 in Fighting
  3656 | D:4      | Reached skill level 6 in Long Blades
  3738 | D:5      | Entered Level 5 of the Dungeon
  3971 | D:5      | Found Mit Ebru's Weapon Boutique.
  4014 | D:5      | Noticed Blork the orc
  4050 | D:5      | Reached XP level 7. HP: 47/60 MP: 9/9
  4059 | D:5      | Killed Blork the orc
  4191 | D:5      | Reached skill level 7 in Long Blades
  4193 | D:5      | HP: 28/60 [killer bee (3)]
  4195 | D:5      | Reached skill level 5 in Fighting
  4465 | D:5      | HP: 30/61 [something (4)]
  4471 | D:5      | HP: 22/61 [something (2)]
  4476 | D:5      | HP: 12/61 [hound (1)]
  4479 | D:5      | Killed from afar by an orc priest

Vanquished Creatures
  2 ogres
  A centaur (D:5)
  Blork the orc (D:5)
  4 killer bees (D:5)
  2 hounds (D:4)
  An orc priest (D:5)
  3 bullfrog skeletons
  2 iguanas
  3 orc wizards
  A howler monkey zombie (D:5)
  A gnoll (D:1)
  8 adders
  An ufetubus (D:4)
  2 worms
  A dart slug (D:4)
  9 orcs
  4 ball pythons
  6 endoplasms
  4 goblins
  3 hobgoblins
  10 jackals
  3 quokkas
  3 bats
  4 frilled lizards
  5 kobolds
84 creatures vanquished.

Table legend: (Time is in decaauts)
 A = Elapsed time spent in this place.
 B = Non-inter-level travel time spent in this place.
 C = Inter-level travel time spent in this place.
 D = Time resting spent in this place.
 E = Time spent auto-exploring this place.
 F = Levels seen in this place.
 G = Mean time per level.
                   A        B        C        D        E       F      G
               +--------+--------+--------+--------+--------+-----+--------+
         Total |   4521 |   4373 |    148 |   1147 |   2583 |   5 |  904.2 |
       Dungeon |   4521 |   4373 |    148 |   1147 |   2583 |   5 |  904.2 |
               +--------+--------+--------+--------+--------+-----+--------+

Top non-repeatable levels by time:
     D:4: 1386 daAuts
     D:2: 850 daAuts
     D:1: 798 daAuts
     D:5: 745 daAuts
     D:3: 740 daAuts
